 Dungeon Crawl Stone Soup version 0.22.1-5-g62c59d9 (webtiles) character file.

113294 marthius the Warrior (level 16, -2/160 HPs)
             Began as a Hill Orc Fighter on Jan 13, 2019.
             Was the Champion of the Shining One.
             Slain by a thorn hunter (11 damage)
             ... on level 2 of the Swamp.
             The game lasted 02:05:46 (35109 turns).

marthius the Warrior (Hill Orc Fighter)            Turns: 35109, Time: 02:05:47

Health: -2/160     AC: 23    Str: 24    XL:     16   Next: 62%
Magic:  16/23      EV:  6    Int: 11    God:    the Shining One [******]
Gold:   1139       SH:  0    Dex: 16    Spells: 15/15 levels left

rFire    x . .     SeeInvis .   b - +6 great mace of Wu Jian's Benevolence {crush, rElec}
rCold    + + .     Gourm    .   (shield currently unavailable)
rNeg     + + +     Faith    +   r - +4 ice dragon scales
rPois    .         Spirit   .   y - +1 helmet {Int+3}
rElec    +         Reflect  .   H - +0 cloak
rCorr    .         Harm     .   d - +0 pair of gloves
MR       +....                  m - +1 pair of boots {run}
Stlth    ..........             X - amulet of faith
HPRegen  0.36/turn              L - +5 ring of slaying
MPRegen  0.18/turn              T - +4 ring of dexterity

@: about to teleport, grasped by roots, glowing, slow
A: no striking features
a: Divine Shield, Cleansing Flame, Summon Divine Warrior, Brand Weapon With Holy
Wrath, Renounce Religion


You were on level 2 of the Swamp.
You worshipped the Shining One.
The Shining One was exalted by your worship.
You were not hungry.

You visited 5 branches of the dungeon, and saw 26 of its levels.

You collected 2215 gold pieces.
You spent 1076 gold pieces at shops.

Inventory:

Hand Weapons
 a - a +1 war axe
 b - the +6 great mace of Wu Jian's Benevolence (weapon) {crush, rElec}
   (You found it on level 6 of the Lair of Beasts)

   It inflicts extra damage upon your enemies.
   It insulates you from electricity.
 t - a +2 hunting sling of freezing
 D - a +0 war axe of electrocution
 G - a cursed -1 mace
Missiles
 S - 6 javelins of penetration (quivered)
Armour
 c - a +0 shield
 d - a +0 pair of gloves (worn)
 j - a +0 troll leather armour
 m - a +1 pair of boots of running (worn)
 r - +4 ice dragon scales (worn)
 y - a +1 helmet of intelligence (worn)
 H - a +0 cloak (worn)
 Q - the +1 leather armour "Woig Soe" {rF+ rC+}
   (You found it on level 6 of the Lair of Beasts)

   It protects you from fire.
   It protects you from cold.
 Y - a +2 plate armour of magic resistance
Jewellery
 g - an uncursed ring of flight
 F - an uncursed ring of resist corrosion
 L - a +5 ring of slaying (left hand)
 T - a +4 ring of dexterity (right hand)
 W - an uncursed ring of poison resistance
 X - an amulet of faith (around neck)
Wands
 k - a wand of paralysis (6)
 E - a wand of disintegration (27)
 K - a wand of scattershot (3)
 O - a wand of enslavement (33)
 U - a wand of digging (36)
Scrolls
 i - 10 scrolls of teleportation
 l - 6 scrolls of magic mapping
 u - 14 scrolls of remove curse
 v - 4 scrolls of enchant weapon
 w - 2 scrolls of fog
 A - 6 scrolls of identify
 B - 3 scrolls of amnesia
 M - a scroll of enchant armour
 Z - 4 scrolls of holy word {unknown}
Potions
 e - 6 potions of lignification
 h - a potion of berserk rage
 p - 2 potions of cancellation
 q - a potion of ambrosia {unknown}
 s - 2 potions of mutation
 x - a potion of haste
 C - 2 potions of might
 I - a potion of flight {unknown}
 P - a potion of brilliance {unknown}
Miscellaneous
 n - 2 phantom mirrors
Comestibles
 f - 27 rations
 J - 2 chunks of flesh


   Skills:
 + Level 19.0 Fighting
 - Level 17.6(19.3) Axes
 * Level 12.3(15.3) Maces & Flails
 - Level 8.1 Armour
 - Level 10.7 Shields
 + Level 10.3 Invocations
 - Level 8.1 Evocations


You had 15 spell levels left.
You didn't know any spells.
Your spell library contained the following spells:

 Spells                   Type           Power        Failure   Level  Hunger
 Apportation              Tloc           #.....       65%         1    ##.....
 Confusing Touch          Hex            #.....       65%         1    ##.....
 Corona                   Hex            #......      65%         1    ##.....
 Magic Dart               Conj           #...         65%         1    ##.....
 Shock                    Conj/Air       #...         65%         1    ##.....
 Summon Butterflies       Summ           #.......     65%         1    ##.....
 Blink                    Tloc           N/A          80%         2    ###....
 Call Imp                 Summ           #.......     80%         2    ###....
 Slow                     Hex            #.......     80%         2    ###....
 Swiftness                Chrm/Air       #.......     80%         2    ###....
 Confuse                  Hex            #.......     95%         3    ####...
 Conjure Flame            Conj/Fire      #.......     95%         3    ####...
 Gell's Gravitas          Tloc           #.........   95%         3    ####...
 Inner Flame              Hex/Fire       #.......     95%         3    ####...
 Lesser Beckoning         Tloc           #.........   95%         3    ####...
 Mephitic Cloud           Conj/Pois/Air  #.......     95%         3    ####...
 Portal Projectile        Hex/Tloc       #.....       95%         3    ####...
 Static Discharge         Conj/Air       #.......     95%         3    ####...
 Tukima's Dance           Hex            #.......     95%         3    ####...
 Airstrike                Air            #.........   100%        4    #####..
 Cause Fear               Hex            #.........   100%        4    #####..
 Leda's Liquefaction      Hex/Erth       #.........   100%        4    #####..
 Petrify                  Tmut/Erth      #.......     100%        4    #####..
 Alistair's Intoxication  Tmut/Pois      #.......     100%        5    ######.
 Bolt of Magma            Conj/Fire/Erth #.........   100%        5    ######.
 Iskenderun's Battlesphe  Conj/Chrm      #.......     100%        5    ######.
 Lightning Bolt           Conj/Air       #.........   100%        5    ######.
 Metabolic Englaciation   Hex/Ice        #.........   100%        5    ######.
 Venom Bolt               Conj/Pois      #.........   100%        5    ######.
 Yara's Violent Unravell  Hex/Tmut       #.........   100%        5    ######.
 Invisibility             Hex            #.......     100%        6    #######
 Iron Shot                Conj/Erth      #.........   100%        6    #######
 Orb of Destruction       Conj           #.........   100%        7    #######
 Spellforged Servitor     Conj/Summ      #.........   100%        7    #######


Dungeon Overview and Level Annotations

Branches:
Dungeon (15/15)            Temple (1/1) D:6            Lair (6/6) D:9
  Swamp (2/4) Lair:3       Spider (0/4) Lair:4        Slime (0/5) Lair:5
    Orc (2/2) D:10            Elf (0/3) Orc:2        Vaults (0/5) D:13
 Depths (0/5) D:15

Altars:
Ashenzari
Cheibriados
Dithmenos
Elyvilon
Fedhas
Gozag
Hepliaklqana
Kikubaaqudgha
Makhleb
Nemelex Xobeh
Okawaru
Qazlal
Ru
Sif Muna
Trog
Uskayaw
Vehumet
Wu Jian
Xom
Yredelemnul
Zin
The Shining One
Jiyva

Shops:
D:10 (}[*   D:11 :   Orc:2 *(!:(

Annotations:
D:11 1 runed door, edgar's ghost, journeyman DsAK
Lair:4 exclusion: oklob plant


Message History

* * * LOW HITPOINT WARNING * * *
The swamp worm throws harpoon shot at you.
The harpoon shot hits you!
* * * LOW HITPOINT WARNING * * *
You are yanked forward by the harpoon shot.
The thorn hunter gestures.
Thorny briars emerge from the ground!
You feel better. The swamp worm bites you!
* * * LOW HITPOINT WARNING * * *
The thorn hunter hits you!
* * * LOW HITPOINT WARNING * * *
The thorn hunter hits you but does no damage.
The tyrant leech completely misses you.
Okay, then.
You feel better. The swamp worm bites you.
* * * LOW HITPOINT WARNING * * *
The swamp worm barely misses you.
The shambling mangrove barely misses you.
The thorn hunter hits you!
You die...

♣.≈≈≈≈..≈≈..
♣..≈≈≈≈≈≈PP
§..≈≈≈≈≈≈P♣♣♣♣
...≈≈≈≈≈≈≈≈.≈♣♣
..≈≈≈≈≈≈≈....P♣♣
.≈≈≈.≈≈≈≈..§≈PP♣
......≈ww..≈≈PP♣≈
≈...≈≈.f@w.≈..≈..
≈≈..≈≈.f...≈≈.≈..
≈≈≈≈.≈≈A...≈≈.♣§
≈≈≈...≈≈.<..≈.♣
≈≈≈<..≈≈.♣....♣
≈≈≈.....§♣♣....≈♣
≈≈≈..≈≈.♣♣ ♣≈≈≈≈♣
≈≈≈≈...≈≈ ≈≈≈≈♣
≈≈.... .≈.♣


You could see a thorn hunter, a shambling mangrove, a tyrant leech, 2 swamp
worms and a friendly daeva.

Vanquished Creatures
  An orc warlord (Orc:1)
  The ghost of DrClinical the Reanimator, a journeyman DsNe of Yredelemnul (Lair:6)
  A stone giant (Orc:2)
  The ghost of marthius the Fighter, a journeyman DsFi of Vehumet (Orc:1)
  A death ooze (Lair:6)
  5 ogre magi
  8 vault guards (D:13)
  10 hydras
  A catoblepas (Lair:6)
  A ghost crab (Swamp:1)
  3 centaur warriors
  4 alligators
  15 two-headed ogres
  A deep troll shaman (Lair:6)
  3 tengu warriors (D:14)
  9 death yaks
  Nergalle (D:12)
  Sonja (D:12)
  3 unseen horrors (D:14)
  2 wizards (D:15)
  Pikel (D:8)
  12 ugly things
  13 deep elf magi
  3 orc knights
  5 orc sorcerers
  A manticore (D:15)
  2 cyclopes
  4 elephants (Lair:6)
  6 black mambas
  A naga mage (D:15)
  Joseph (D:8)
  2 gargoyles
  11 spiny frogs
  9 komodo dragons
  A tengu conjurer (D:15)
  6 trolls
  2 polar bears (Lair:6)
  A queen bee (D:8)
  A tyrant leech (Swamp:1)
  12 slime creatures
  19 blink frogs
  6 dream sheep (Lair:6)
  6 hippogriffs
  4 bog bodies
  A centaur simulacrum (D:15)
  38 yaks
  3 shadows
  2 redbacks (Lair:4)
  Sigmund (D:2)
  A vampire (D:11)
  A water elemental (D:13)
  3 basilisks (Lair:3)
  A hungry ghost (D:12)
  8 vampire mosquitoes (Swamp:1)
  A steam dragon (D:8)
  4 insubstantial wisps (Swamp:1)
  5 wargs
  4 swamp worms
  16 water moccasins
  An acid dragon (D:15)
  3 porcupines
  2 soldier ants (D:12)
  5 sky beasts
  A slave (D:8)
  3 necrophages
  22 orc warriors
  3 black bears
  6 ice beasts
  A phantom (D:11)
  4 eyes of draining
  47 ogres
  15 wolves
  14 centaurs
  11 crocodiles
  A big kobold (D:8)
  15 bullfrogs
  A gnoll sergeant (D:7)
  2 wyvern skeletons
  4 scorpions
  A water moccasin skeleton (D:6)
  12 killer bees
  8 wights
  3 howler monkeys
  An electric eel (Lair:3)
  11 jellies
  3 centaur zombies
  8 crimson imps
  3 bullfrog zombies
  Crazy Yiuf (D:7)
  8 hounds
  17 orc priests
  4 bullfrog skeletons
  6 centaur skeletons
  Jessica (D:2)
  3 iguanas
  18 orc wizards
  Natasha (thrice) (D:2)
  5 worker ants
  2 hound zombies
  A hound skeleton (D:4)
  12 gnolls
  A howler monkey skeleton (D:5)
  9 adders
  A river rat (D:4)
  2 shadow imps (D:5)
  5 oozes
  4 worms
  6 dart slugs
  4 leopard geckos
  70 orcs
  7 bats
  10 giant cockroaches
  6 goblins
  4 hobgoblins
  10 kobolds
  3 quokkas
  2 ball pythons
  6 frilled lizards
  A jackal skeleton (D:6)
  2 leopard gecko skeletons
  A quokka skeleton (D:5)
  8 rats
  2 fungi
  12 plants
758 creatures vanquished.

Vanquished Creatures (collateral kills)
  An orc warrior (Orc:1)
  An orc priest (Orc:1)
  2 orc wizards (Orc:1)
  5 orcs (Orc:1)
9 creatures vanquished.

Vanquished Creatures (others)
  A water moccasin (Lair:5)
  A sky beast (D:8)
  3 slaves (D:8)
  A killer bee (D:8)
  An orc wizard (Orc:2)
  5 orcs
  2 kobolds (D:8)
  A bush (Lair:6)
  8 fungi
  17 plants (Lair:6)
40 creatures vanquished.

Grand Total: 807 creatures vanquished

Notes
Turn   | Place    | Note
-------+----------+-------------------------------------------
     0 | D:1      | marthius the Hill Orc Fighter began the quest for the Orb.
     0 | D:1      | Reached XP level 1. HP: 19/19 MP: 1/1
    96 | D:1      | Reached XP level 2. HP: 24/27 MP: 2/2
   105 | D:1      | Reached skill level 4 in Fighting
   308 | D:1      | You fall through a shaft!
   310 | D:2      | Noticed Sigmund
   317 | D:2      | Reached XP level 3. HP: 21/33 MP: 3/3
   619 | D:2      | Killed Sigmund
   619 | D:2      | Reached skill level 5 in Fighting
   619 | D:2      | Reached skill level 5 in Axes
   619 | D:2      | Reached XP level 4. HP: 28/42 MP: 4/4
   619 | D:2      | Reached XP level 5. HP: 32/48 MP: 5/5
   738 | D:2      | Found a glowing silver altar of Zin.
  1244 | D:2      | Noticed Natasha
  1257 | D:2      | Killed Natasha
  1257 | D:2      | Reached XP level 6. HP: 49/57 MP: 6/6
  1269 | D:2      | Noticed Natasha
  1277 | D:2      | Killed Natasha
  1303 | D:2      | Noticed Natasha
  1313 | D:2      | Killed Natasha
  1664 | D:2      | Reached skill level 6 in Fighting
  1764 | D:2      | Noticed Jessica
  1767 | D:2      | Killed Jessica
  2897 | D:4      | Reached XP level 7. HP: 27/64 MP: 7/7
  3198 | D:4      | Reached skill level 7 in Fighting
  3198 | D:4      | Reached skill level 5 in Shields
  3823 | D:5      | Entered Level 5 of the Dungeon
  4065 | D:5      | Reached XP level 8. HP: 73/73 MP: 8/8
  4078 | D:5      | Reached skill level 8 in Fighting
  5062 | D:6      | Reached skill level 9 in Fighting
  5239 | D:6      | Found a staircase to the Ecumenical Temple.
  5252 | Temple   | Entered the Ecumenical Temple
  5403 | D:6      | Reached XP level 9. HP: 82/83 MP: 9/9
  5852 | D:7      | Found a blossoming altar of Fedhas.
  5964 | D:7      | Found an opulent altar of Gozag.
  5985 | D:7      | Found an ancient bone altar of Kikubaaqudgha.
  5988 | D:7      | Found a shattered altar of Ashenzari.
  6004 | D:7      | Reached skill level 10 in Axes
  6024 | D:7      | Found a glowing golden altar of the Shining One.
  6032 | D:7      | Became a worshipper of the Shining One
  6089 | D:7      | Found a runed door.
  6666 | D:7      | Noticed Crazy Yiuf
  6672 | D:7      | Killed Crazy Yiuf
  6725 | D:8      | Noticed Joseph
  6740 | D:8      | Killed Joseph
  6740 | D:8      | Reached skill level 10 in Fighting
  7159 | D:8      | Noticed Pikel
  7176 | D:8      | Killed Pikel
  7245 | D:8      | Reached XP level 10. HP: 94/94 MP: 10/10
  7281 | D:8      | Reached skill level 11 in Fighting
  7783 | D:8      | Reached * piety under the Shining One
  8470 | D:8      | Found an iron altar of Okawaru.
  8623 | D:9      | Found a shimmering altar of Xom.
  8626 | D:9      | Found a hazy altar of Hepliaklqana.
  8627 | D:9      | Noticed a spectral ugly thing
  8971 | D:9      | Found a staircase to the Lair.
  8979 | D:9      | Reached skill level 12 in Fighting
  9286 | D:9      | Found a basalt altar of Yredelemnul.
  9554 | D:10     | Entered Level 10 of the Dungeon
  9658 | D:10     | Found Voniosh's Gadget Shop.
  9694 | D:10     | Reached skill level 1 in Invocations
  9705 | D:10     | Found Ybuavvou's General Store.
  9713 | D:10     | Bought 6 javelins of penetration for 187 gold pieces
  9713 | D:10     | Bought a ration for 65 gold pieces
  9863 | D:10     | Found a staircase to the Orcish Mines.
  9879 | D:10     | Found Fofo's Antique Armour Emporium.
  9896 | D:10     | Bought a pitted helmet for 247 gold pieces
  9901 | D:10     | Identified the cursed -2 helmet of Gimasafu {Str+3} (You
                  | bought it in a shop on level 10 of the Dungeon)
  9953 | D:10     | Reached XP level 11. HP: 97/105 MP: 8/12
  9962 | D:10     | Reached ** piety under the Shining One
 10215 | D:10     | Found Veipneqiri's Weapon Emporium.
 10338 | D:11     | Found Jujont's Book Boutique.
 10504 | D:11     | Found a runed door.
 10505 | D:11     | Noticed edgar's ghost (journeyman DsAK)
 10505 | D:11     | Noticed a stone giant
 10703 | D:11     | Reached *** piety under the Shining One
 10820 | D:11     | Reached skill level 13 in Fighting
 10841 | D:12     | Noticed a deep elf mage
 10866 | D:12     | Killed a deep elf mage
 11045 | D:12     | Noticed Nergalle
 11060 | D:12     | Killed Nergalle
 11219 | D:11     | Noticed a red ugly thing
 11237 | D:11     | Killed a red ugly thing
 11663 | D:12     | Reached skill level 5 in Invocations
 11679 | D:12     | Reached **** piety under the Shining One
 12085 | D:12     | Reached XP level 12. HP: 112/116 MP: 16/16
 12289 | D:12     | Noticed Sonja
 12294 | D:12     | Reached skill level 14 in Fighting
 12300 | D:12     | Killed Sonja
 12550 | D:13     | Noticed a centaur warrior
 12563 | D:13     | Killed a centaur warrior
 12563 | D:13     | Reached skill level 15 in Axes
 12563 | D:13     | Reached skill level 1 in Evocations
 12895 | D:13     | Noticed a centaur warrior
 12908 | D:13     | Killed a centaur warrior
 12908 | D:13     | Reached skill level 10 in Shields
 12913 | D:13     | Noticed a vault guard
 12921 | D:13     | Noticed a vault guard
 13031 | Lair:1   | Entered Level 1 of the Lair of Beasts
 13462 | Lair:1   | Noticed an eight-headed hydra
 13899 | D:9      | Killed a 19-headed hydra
 14418 | Lair:1   | Reached skill level 15 in Fighting
 14798 | Lair:2   | Noticed a four-headed hydra
 14806 | Lair:2   | Killed a four-headed hydra
 14919 | Lair:2   | Noticed an eight-headed hydra
 14931 | Lair:2   | HP: 8/178 [eight-headed hydra (5)]
 14932 | Lair:2   | Killed an eight-headed hydra
 14932 | Lair:2   | Reached XP level 13. HP: 9/127 MP: 13/17
 15785 | Lair:3   | Reached skill level 5 in Armour
 17403 | Lair:3   | Found a staircase to the Swamp.
 17842 | Lair:4   | Found a hole to the Spider Nest.
 18743 | Lair:5   | Reached skill level 5 in Evocations
 18799 | Lair:5   | Reached skill level 16 in Fighting
 18950 | Lair:5   | Found a staircase to the Slime Pits.
 19887 | Lair:6   | Entered Level 6 of the Lair of Beasts
 20568 | Lair:6   | Reached XP level 14. HP: 99/138 MP: 18/18
 21077 | Lair:6   | Found a runed gate.
 21078 | Lair:6   | Found a runed gate.
 21079 | Lair:6   | Found a runed gate.
 21080 | Lair:6   | Noticed DrClinical's ghost (journeyman DsNe)
 21087 | Lair:6   | Found a viscous altar of Jiyva.
 21122 | Lair:6   | Killed DrClinical's ghost
 21135 | Lair:6   | Got a bloodstained great mace
 21155 | Lair:6   | Identified the +6 great mace of Wu Jian's Benevolence
                  | {crush, rElec} (You found it on level 6 of the Lair of
                  | Beasts)
 21643 | Lair:6   | Reached skill level 1 in Maces & Flails
 21996 | Lair:5   | Reached skill level 17 in Fighting
 22397 | Lair:6   | Reached ***** piety under the Shining One
 23989 | Lair:6   | Got a bloodstained leather armour
 24385 | Lair:6   | Identified a +1 pair of boots of running (You found it on
                  | level 6 of the Lair of Beasts)
 24601 | D:10     | Bought a pair of gloves for 117 gold pieces
 24611 | D:10     | Identified the +1 leather armour "Woig Soe" {rF+ rC+} (You
                  | found it on level 6 of the Lair of Beasts)
 25114 | D:13     | Found a gate to the Vaults.
 25122 | D:13     | Reached skill level 5 in Maces & Flails
 25311 | D:13     | Reached XP level 15. HP: 103/147 MP: 20/20
 27036 | D:14     | Reached skill level 18 in Fighting
 27678 | D:15     | Entered Level 15 of the Dungeon
 28562 | D:15     | Found a staircase to the Depths.
 28726 | Orc:1    | Entered Level 1 of the Orcish Mines
 28997 | Orc:1    | Found a transporter.
 28999 | Orc:1    | Noticed marthius's ghost (journeyman DsFi)
 29006 | Orc:1    | Found a transporter.
 29021 | Orc:1    | Killed marthius's ghost
 29929 | Orc:2    | Entered Level 2 of the Orcish Mines
 29929 | Orc:2    | Found Siagidol's Weapon Emporium.
 30421 | Orc:1    | Found a shimmering altar of Xom.
 30622 | Orc:2    | Reached skill level 10 in Maces & Flails
 30623 | Orc:2    | Noticed an orc warlord
 31084 | Orc:1    | Killed an orc warlord
 31973 | Orc:2    | Reached XP level 16. HP: 159/159 MP: 22/22
 32242 | Orc:2    | Paralysed by an ogre mage for 6 turns
 34058 | Orc:2    | Found Qismu's Distillery.
 34058 | Orc:2    | Found Wetil's General Store.
 34058 | Orc:2    | Found Gauja Boxu's Book Boutique.
 34058 | Orc:2    | Found Gujinast's Weapon Shoppe.
 34228 | Orc:2    | Bought a ration for 70 gold pieces
 34229 | Orc:2    | Bought a potion of berserk rage for 75 gold pieces
 34229 | Orc:2    | Bought a potion of heal wounds for 75 gold pieces
 34229 | Orc:2    | Bought a potion of heal wounds for 75 gold pieces
 34229 | Orc:2    | Bought 2 potions of curing for 90 gold pieces
 34229 | Orc:2    | Bought a potion of heal wounds for 75 gold pieces
 34406 | Orc:2    | Found a staircase to the Elven Halls.
 34650 | Swamp:1  | Entered Level 1 of the Swamp
 34668 | Swamp:1  | Reached skill level 10 in Invocations
 34685 | Swamp:1  | Reached ****** piety under the Shining One
 34917 | Swamp:1  | Reached skill level 19 in Fighting
 35088 | Swamp:1  | Noticed a thorn hunter
 35104 | Swamp:2  | The Shining One protects you from harm!
 35108 | Swamp:2  | HP: 3/160 [thorn hunter (12)]
 35109 | Swamp:2  | Slain by a thorn hunter

Skill      XL: |  1  2  3  4  5  6  7  8  9 10 11 12 13 14 15 16 |
---------------+-------------------------------------------------+-----
Axes           | 3 5 6 7 9 11 13 14 16 17 | 17.6
Fighting       | 4 5 6 7 9 10 12 13 15 16 17 18 19 | 19.0
Shields        | 4 5 6 7 8 9 10 | 10.7
Invocations    | 2 5 8 10 | 10.3
Evocations     | 3 5 7 8 |  8.1
Armour         | 4 6 8 |  8.1
Maces & Flails | 5 10 12 | 12.3

Action                   |  1- 3 |  4- 6 |  7- 9 | 10-12 | 13-15 | 16-18 || total
-------------------------+-------+-------+-------+-------+-------+-------++-------
Melee: War axe           |    56 |   195 |   333 |   620 |   570 |    63 ||  1837
       Morningstar       |       |       |       |    13 |    64 |       ||    77
       Great mace        |       |       |       |       |   386 |   147 ||   533
Invok: Divine Shield     |       |       |       |     1 |    10 |       ||    11
       Cleansing Flame   |       |       |       |       |     2 |     1 ||     3
       Summon Divine War |       |       |       |       |     1 |     1 ||     2
Evoke: Wand              |       |       |       |     4 |     8 |     4 ||    16
  Use: Scroll            |       |     6 |     9 |     9 |    13 |     3 ||    40
       Potion            |       |       |     2 |     6 |    12 |     5 ||    25
  Eat: Chunk             |       |     7 |     7 |    10 |    21 |     3 ||    48
       Ration            |       |       |     2 |     5 |    10 |     2 ||    19
Armor: Scale mail        |    22 |    30 |       |       |       |       ||    52
       Ice dragon scales |       |    40 |   106 |   248 |   494 |   162 ||  1050
Dodge: Dodged            |    15 |    54 |    71 |   183 |   299 |   117 ||   739
Block: Shield            |    29 |    97 |   137 |   374 |   321 |    25 ||   983
       Other             |       |       |       |       |    46 |       ||    46
